 Dungeon Crawl Stone Soup version 0.31-a0-1144-g99969ba1bc (webtiles) character file.

Game seed: 14177683531444829112

27 Arzdou the Digger (level 3, 21/21 HPs)
             Began as an Octopode Earth Elementalist on Dec 6, 2023.
             Was a Follower of Trog.
             Quit the game on level 1 of the Dungeon.
             The game lasted 00:01:50 (1144 turns).

Arzdou the Digger (Octopode Earth Elementalist)     Turns: 1144, Time: 00:01:51

Health: 21/21      AC:  1    Str:  7    XL:     3   Next: 10%
Magic:  6/6        EV: 13    Int: 19    God:    Trog [*.....]
Gold:   70         SH:  0    Dex: 12    Spells: 5/6 levels left

rFire   . . .        e - +0 dagger (venom)
rCold   . . .        (no shield)
rNeg    . . .        (helmet restricted)
rPois   .            (no amulet)
rElec   .            (no ring)
rCorr   .            (no ring)
SInv    .            (no ring)
Will    .....        (no ring)
Stlth   +++          (no ring)
HPRegen 0.23/turn    (no ring)
MPRegen 0.10/turn    (no ring)
                     (no ring)

%: no passive effects
@: no status effects
A: almost no armour, amphibious, 8 rings, camouflage 1, gelatinous body 1,
(nimble swimmer 1), tentacles
a: Renounce Religion, Berserk


You were on level 1 of the Dungeon.
You worshipped Trog.
Trog was aware of your devotion.
You visited 1 branch of the dungeon, and saw 1 of its levels.

You collected 70 gold pieces.

Inventory:

Hand Weapons
 e - a +0 dagger of venom (weapon)
Missiles
 c - 10 poisoned darts
Scrolls
 b - 3 scrolls of identify {unknown}
Potions
 a - a potion of magic


   Skills:
 - Level 2.1 Dodging
 - Level 2.9 Stealth
 - Level 2.4 Spellcasting
 - Level 1.7 Transmutations
 - Level 3.3 Earth Magic


You had 5 spell levels left.
You knew the following spells:

 Your Spells              Type           Power      Damage    Failure   Level
a - Sandblast             Erth           30%        2d9       4%          1

Your spell library contained the following spells:

 Spells                   Type           Power      Damage    Failure   Level
 Passwall                 Tmut/Erth      9%         N/A       9%          2
 Stone Arrow              Conj/Erth      16%        3d8       24%         3
 Petrify                  Tmut/Erth      11%        N/A       50%         4
 Brom's Barrelling Bould  Conj/Erth      8%         2d3       63%         4


Dungeon Overview and Level Annotations

Branches:
Dungeon (1/15)

Altars:
Trog


Innate Abilities, Weirdness & Mutations

You cannot wear most types of armour.
You are amphibious.
You can wear up to eight rings at the same time.
Your skin changes colour to match your surroundings (Stealth+).
Your rubbery body absorbs attacks. (AC +1, EV +1)
((You are camouflaged when in or above water. (Stealth+)))
You have tentacles for arms and can constrict up to eight enemies at once.


Message History

An endoplasm comes into view.
An endoplasm is nearby!
The blast of sand hits the endoplasm.
The endoplasm is moderately wounded.
The blast of sand hits the endoplasm!
You kill the endoplasm!
Found a faded altar of an unknown god.
There is a faded altar of an unknown god here.
This altar belongs to (a) the Shining One, (b) Trog or (c) Gozag, but you can't tell which.
Press the corresponding letter to learn more about a god, or press enter to convert or escape to cancel.
Okay, then.
Found 6 stones.
No target in view!
No target in view!
You see here 6 stones.
You now have 64 gold pieces (gained 14).
Found a stone staircase leading down.
You now have 70 gold pieces (gained 6).
There is a stone staircase leading down here.
A hobgoblin comes into view.
A ball python comes into view.
You miscast Sandblast.
You are very lightly contaminated with residual magic.
Nothing appears to happen.
The blast of sand hits the hobgoblin!
You kill the hobgoblin!
You miscast Sandblast.
Nothing appears to happen.
The blast of sand hits the ball python!
You kill the ball python!
Your magical contamination has completely faded away.
b - 3 scrolls labelled JONUWN UZXINA (gained 1) Done exploring.
Done exploring.
Search for what [Enter for "sta", or ? for help]? a Search for what [Enter for "a", or ? for help]? al
There is a faded altar of an unknown god here.
This altar belongs to (a) the Shining One, (b) Trog or (c) Gozag, but you can't tell which.
Press the corresponding letter to learn more about a god, or press enter to convert or escape to cancel.
Trog accepts your prayer! Trog welcomes you!
You can now go berserk at will.
Are you sure you want to abandon this character and quit the game? (Confirm with "yes".)

...)....##.......................
........##[#########.............
#.............# #............#
#...##........#### #.##.##......#
.................# #.##..........
.......###.###...###.##.##.#.####
.......# #.................#.# #
.......#############.##.####.####
................@....##.# #......
......##############.##.# #......
......# #.##.# #...... ......#
####.# ##.##.# ......#
###########.####.##.# ......#
#...................#
......#######.#....####.####.##.#
...........#....................#
...........#.################...#


There were no monsters in sight!

Vanquished Creatures
  5 ball pythons (D:1)
  A bat (D:1)
  3 endoplasms (D:1)
  3 giant cockroaches (D:1)
  3 goblins (D:1)
  5 hobgoblins (D:1)
  A kobold (D:1)
  A frilled lizard (D:1)
22 creatures vanquished.

Notes
Turn   | Place    | Note
-------+----------+-------------------------------------------
     0 | D:1      | Arzdou the Octopode Earth Elementalist began the quest for
                  | the Orb.
     0 | D:1      | Reached XP level 1. HP: 11/11 MP: 3/3
   257 | D:1      | Reached XP level 2. HP: 17/17 MP: 3/5
   644 | D:1      | Reached XP level 3. HP: 21/21 MP: 3/6
   726 | D:1      | Found a faded altar of an unknown god.
  1143 | D:1      | Prayed at the altar of an unknown god.
  1143 | D:1      | Became a worshipper of Trog the Wrathful
  1143 | D:1      | Reached * piety under Trog
  1144 | D:1      | Quit the game

Illustrated notes

Levels and vault maps discovered:
D:1:      dpeg_arrival_round_a, layout_basic, basic_ecumenical_altar,
          st_stairs_3

Action                     || total
---------------------------++-------
  Melee: Quarterstaff      ||     2
         Tentacles         ||     2
         Constrict         ||     1
   Cast: Sandblast         ||    24
 Armour: Skin              ||     2
  Dodge: Dodged            ||     3

Table legend: (Time is in decaauts)
 A = Elapsed time spent in this place.
 B = Non-inter-level travel time spent in this place.
 C = Inter-level travel time spent in this place.
 D = Time resting spent in this place.
 E = Time spent auto-exploring this place.
 F = Levels seen in this place.
 G = Mean time per level.
                   A        B        C        D        E       F      G
               +--------+--------+--------+--------+--------+-----+--------+
         Total |   1155 |   1068 |     87 |      0 |    932 |   1 | 1155.0 |
       Dungeon |   1155 |   1068 |     87 |      0 |    932 |   1 | 1155.0 |
               +--------+--------+--------+--------+--------+-----+--------+

Top non-repeatable levels by time:
     D:1: 1155 daAuts
